 Dungeon Crawl Stone Soup version 0.31-a0-210-gccc998df9b (webtiles) character file.

Game seed: 12771089990518956111

1093 Ijustatesigmund the Stinger (level 8, -2/52 HPs)
             Began as an Octopode Venom Mage on June 29, 2023.
             Slain by an orc wizard
             ... wielding a +0 dagger
              (5 damage)
             ... on level 5 of the Dungeon.
             The game lasted 00:11:03 (6552 turns).

Ijustatesigmund the Stinger (Octopode Venom Mage)   Turns: 6552, Time: 00:11:03

Health: -2/52      AC:  1    Str: 14    XL:     8   Next: 31%
Magic:  14/14      EV: 13    Int: 19    God:
Gold:   297        SH:  0    Dex: 12    Spells: 5/15 levels left

rFire   . . .        r - +5 Lochaber axe {reach-cleave, Poleaxe Drain}
rCold   . . .        (shield currently unavailable)
rNeg    . . .        (helmet restricted)
rPois   .            (no amulet)
rElec   .            c - +6 ring of strength
rCorr   .            (no ring)
SInv    .            (no ring)
Will    .....        (no ring)
Stlth   +++          (no ring)
HPRegen 0.28/turn    (no ring)
MPRegen 0.14/turn    (no ring)
                     (no ring)

%: no passive effects
@: hasted, very quick
A: almost no armour, amphibious, 8 rings, camouflage 1, gelatinous body 1,
(nimble swimmer 1), tentacles
a: no special abilities


You were on level 5 of the Dungeon.
You visited 1 branch of the dungeon, and saw 5 of its levels.
You also visited: Sewer.

You collected 297 gold pieces.

Inventory:

Hand Weapons
 f - a +1 spear of freezing
 r - the +5 Lochaber axe (weapon) {reach-cleave, Poleaxe Drain}
   (You found it in a sewer)

   Poleaxe:   It uses either Axes or Polearms skill, whichever is higher.
   Drain:     It drains your maximum health when unequipped.
Missiles
 k - a throwing net
Armour
 s - a +0 buckler
Jewellery
 c - a +6 ring of strength (left tentacle)
Wands
 g - a wand of iceblast (8)
 i - a wand of quicksilver (4)
Scrolls
 h - 2 scrolls of teleportation
 p - 2 scrolls of fear
 q - a scroll of brand weapon
 t - a scroll of blinking
Potions
 a - a potion of magic
 b - a potion of brilliance
 d - 2 potions of resistance
 j - a potion of attraction
 o - a potion of enlightenment


   Skills:
 - Level 3.2 Fighting
 + Level 2.1 Polearms
 - Level 2.0 Dodging
 - Level 2.6 Stealth
 + Level 4.3 Spellcasting
 + Level 3.7 Conjurations
 - Level 1.0 Transmutations
 + Level 3.9 Air Magic
 + Level 6.3 Poison Magic


You had 5 spell levels left.
You knew the following spells:

 Your Spells              Type           Power      Damage    Failure   Level
a - Sting                 Tmut/Pois      72%        1d6       3%          1
b - Poisonous Vapours     Pois/Air       46%        N/A       2%          2
c - Mephitic Cloud        Conj/Pois/Air  21%        N/A       6%          3
d - Olgreb's Toxic Radia  Pois           28%        N/A       10%         4

Your spell library contained the following spells:

 Spells                   Type           Power      Damage    Failure   Level
 Sandblast                Erth           8%         2d5       13%         1
 Passwall                 Tmut/Erth      5%         N/A       16%         2
 Stone Arrow              Conj/Erth      22%        3d8       19%         3


Dungeon Overview and Level Annotations

Branches:
Dungeon (5/15)              Sewer (visited)
 Temple: D:4-7

Altars:
Elyvilon
Fedhas
Hepliaklqana
Qazlal
Ru
Trog
Uskayaw
Yredelemnul
The Shining One


Innate Abilities, Weirdness & Mutations

You cannot wear most types of armour.
You are amphibious.
You can wear up to eight rings at the same time.
Your skin changes colour to match your surroundings (Stealth+).
Your rubbery body absorbs attacks. (AC +1, EV +1)
((You are camouflaged when in or above water. (Stealth+)))
You have tentacles for arms and can constrict up to eight enemies at once.


Message History

You're too confused to move!
The orc wizard barely misses you. Something hits you.
You bump into the rock wall.
The orc wizard gestures wildly while chanting.
The orc wizard flickers and vanishes!
Something barely misses you.
You bump into the rock wall.
Something hits you.
You hear some strange, mumbled words.
A puff of flame appears from out of thin air!
The puff of flame hits you!
You're too confused to move!
Something hits you. x2
It was a potion of cancellation.
Your magical effects are unravelling.
You feel magically purged.
You feel less confused. Something hits you.
* * * LOW HITPOINT WARNING * * *
Something hits you.
* * * LOW HITPOINT WARNING * * *
Okay, then.
You feel yourself speed up. Something hits you.
* * * LOW HITPOINT WARNING * * *
You miss something. You closely miss something. You barely miss the orc.
Something hits you.
* * * LOW HITPOINT WARNING * * *
You miss something. Your squeeze misses something. You barely miss something.
You slash the orc!
You kill the orc!
Something hits you.
* * * LOW HITPOINT WARNING * * *
You miss something. Your squeeze misses something. You barely miss something.
Something hits you.
* * * LOW HITPOINT WARNING * * *
You miss something. You completely miss something.
You hear some strange, mumbled words.
A puff of flame appears from out of thin air!
The puff of flame hits something.
Something barely misses you.
You miss something. Your squeeze misses something. You barely miss something.
An orc priest comes into view. It is wielding a +0 flail.
Something hits you.
You die...

## ## #####.# #o .....# ##
##o#####..# # #. #.{{@.....#.# #.
###### #########.#.# #.
.....###############....# #.
.....##...............#.# #.
.....)............##.###########.
.....##.................##.....#.
#8..8##........#...........###.#.
_.....########.#.....##.#..# #.#.
##..### ..#.....##.#..# #.#.


You could see an orc priest.

Vanquished Creatures
  Pikel (D:5)
  A lemure (D:5)
  3 phantoms
  2 bullfrogs (Sewer)
  A scorpion (D:4)
  An iguana (D:5)
  Ijyb (D:3)
  9 adders
  5 gnolls
  2 worms
  3 orcs
  3 endoplasms
  21 giant cockroaches
  4 goblins
  2 hobgoblins (D:4)
  5 jackals
  5 kobolds
  14 quokkas
  10 ball pythons
  4 bats
  8 frilled lizards
  2 rats
107 creatures vanquished.

Notes
Turn   | Place    | Note
-------+----------+-------------------------------------------
     0 | D:1      | Ijustatesigmund the Octopode Venom Mage began the quest for
                  | the Orb.
     0 | D:1      | Reached XP level 1. HP: 11/11 MP: 3/3
   339 | D:1      | Reached XP level 2. HP: 18/18 MP: 3/5
   342 | D:1      | Learned a level 2 spell: Poisonous Vapours
   438 | D:1      | Found a faded altar of an unknown god.
   635 | D:1      | Reached skill level 1 in Fighting
   649 | D:1      | Reached skill level 4 in Poison Magic
  1233 | D:2      | You fall into a shaft and drop 2 floors!
  1255 | D:3      | Found a blossoming altar of Fedhas.
  1355 | D:3      | Reached XP level 3. HP: 23/23 MP: 1/6
  1359 | D:3      | Learned a level 3 spell: Mephitic Cloud
  1782 | D:2      | Reached skill level 1 in Air Magic
  2326 | D:4      | Noticed a phantom
  2492 | D:4      | Reached XP level 4. HP: 23/28 MP: 2/7
  2993 | D:3      | Noticed Ijyb
  3016 | D:3      | Killed Ijyb
  3017 | D:3      | Reached skill level 1 in Conjurations
  3645 | D:3      | Found a hazy altar of Hepliaklqana.
  3694 | D:3      | Reached XP level 5. HP: 27/34 MP: 4/9
  4589 | D:4      | Found a basalt altar of Yredelemnul.
  4638 | D:4      | Killed a phantom
  4639 | D:4      | Reached XP level 6. HP: 34/41 MP: 10/10
  4699 | D:4      | Learned a level 4 spell: Olgreb's Toxic Radiance
  4878 | D:4      | Reached skill level 5 in Poison Magic
  4974 | D:5      | Entered Level 5 of the Dungeon
  5228 | D:5      | Found a glowing drain.
  5252 | Sewer    | Entered a sewer
  5391 | Sewer    | Found the +5 Lochaber axe {reach-cleave, Poleaxe Drain}
  5416 | Sewer    | Reached XP level 7. HP: 39/45 MP: 12/12
  6350 | D:5      | Found a bloodstained altar of Trog.
  6352 | D:5      | Found a sacrificial altar of Ru.
  6355 | D:5      | Found a glowing golden altar of the Shining One.
  6356 | D:5      | Found a white marble altar of Elyvilon.
  6359 | D:5      | Found a hide-covered altar of Uskayaw.
  6361 | D:5      | Found a stormy altar of Qazlal.
  6373 | D:5      | Noticed Pikel
  6380 | D:5      | Killed Pikel
  6381 | D:5      | Reached skill level 6 in Poison Magic
  6381 | D:5      | Reached XP level 8. HP: 42/52 MP: 7/14
  6550 | D:5      | HP: 2/52 [something (4)]
  6552 | D:5      | Slain by an orc wizard

Illustrated notes

Levels and vault maps discovered:
D:1:      dpeg_arrival_concentric_ovals, layout_basic,
          ebering_ecumenical_altar_box, minmay_worlds_worst_comb
D:2:      layout_basic
D:3:      minmay_skewed_foursquare, layout_loops_ring, fedhas_altar_1,
          nzn_hepliaklqana_mist_gate, hangedman_abyss_or_decor_lesser_grid,
          uniq_ijyb
D:4:      layout_basic, overflow_temple_1_default, minmay_statues_item,
          minmay_misc_feat_doors, minivault_5, abandoned_shop
D:5:      dreamdust_elfheim, layout_basic, minitemple, grunt_dithmenos_shadows,
          gup_sewer_entry_pipe, uniq_pikel

Skill      XL: |  1  2  3  4  5  6  7 |
---------------+----------------------+-----
Fighting       | 1 2 3 |  3.2
Poison Magic   | 4 5 6 |  6.3
Air Magic      | 1 2 3 |  3.9
Conjurations   | 1 2 3 |  3.7
Spellcasting   | 3 4 |  4.3
Polearms       | 2 |  2.1
Dodging        | |  2.0
Stealth        | |  2.6
Transmutations | |  1.0

Action                     |  1- 3 |  4- 6 |  7- 9 || total
---------------------------+-------+-------+-------++-------
  Melee: Unarmed           |    10 |       |       ||    10
         Constrict         |    15 |    24 |     6 ||    45
         Tentacles         |     9 |    19 |     5 ||    33
         Spear             |    43 |   122 |     4 ||   169
         Punch             |       |     1 |       ||     1
         Lochaber axe      |       |       |    39 ||    39
   Cast: Sting             |     8 |     2 |     2 ||    12
         Poisonous Vapours |    17 |    37 |     2 ||    56
         Olgreb's Toxic Ra |       |       |     4 ||     4
  Evoke: Wand              |       |     1 |     1 ||     2
    Use: Scroll            |     7 |     7 |       ||    14
         Potion            |       |     2 |     6 ||     8
   Stab: Invisible         |       |     1 |       ||     1
         Sleeping          |       |    12 |     4 ||    16
 Armour: Skin              |     8 |     5 |     3 ||    16
  Dodge: Dodged            |    32 |    41 |    27 ||   100

Table legend: (Time is in decaauts)
 A = Elapsed time spent in this place.
 B = Non-inter-level travel time spent in this place.
 C = Inter-level travel time spent in this place.
 D = Time resting spent in this place.
 E = Time spent auto-exploring this place.
 F = Levels seen in this place.
 G = Mean time per level.
                   A        B        C        D        E       F      G
               +--------+--------+--------+--------+--------+-----+--------+
         Total |   6613 |   6445 |    168 |   1945 |   3572 |   6 | 1102.2 |
       Dungeon |   6128 |   5960 |    168 |   1729 |   3457 |   5 | 1225.6 |
         Sewer |    485 |    485 |      0 |    216 |    115 |   1 |  485.0 |
               +--------+--------+--------+--------+--------+-----+--------+

Top non-repeatable levels by time:
     D:3: 1887 daAuts
     D:1: 1233 daAuts
     D:5: 1131 daAuts
     D:4: 1131 daAuts
     D:2: 745 daAuts
   Sewer: 485 daAuts
